 Dungeon Crawl Stone Soup version 0.20.1-1-g8b1a95d (webtiles) character file.

207 tmwrnj the Chopper (level 5, -1/46 HPs)
             Began as a Hill Orc Fighter on July 23, 2017.
             Succumbed to a worker ant's poison
             ... on level 4 of the Dungeon.
             The game lasted 00:06:09 (2846 turns).

tmwrnj the Chopper (Hill Orc Fighter)               Turns: 2846, Time: 00:06:10

Health: -1/46      AC:  8    Str: 20    XL:     5   Next: 85%
Magic:  5/5        EV: 13    Int:  8    God:
Gold:   171        SH: 10    Dex: 15    Spells: 4/4 levels left

rFire    . . .     SeeInvis .   a - +0 war axe
rCold    . . .     Gourm    .   c - +0 shield
rNeg     . . .     Faith    .   b - +0 scale mail
rPois    .         Spirit   .   (no helmet)
rElec    .         Reflect  .   (no cloak)
rCorr    .         Harm     .   p - +0 pair of gloves
MR       .....                  (no boots)
Stlth    +.........             (no amulet)
Regen    0.2/turn               (no ring)
MPRegen  0.1/turn               (no ring)

@: agile, lethally poisoned (-1 -> -13), hasted, very quick
A: no striking features
a: no special abilities


You were on level 4 of the Dungeon.
You were not hungry.

You visited 1 branch of the dungeon, and saw 4 of its levels.

You collected 171 gold pieces.

Inventory:

Hand Weapons
 a - a +0 war axe (weapon)
Armour
 b - a +0 scale mail (worn)
 c - a +0 shield (worn)
 p - a +0 pair of gloves (worn)
Scrolls
 h - a scroll of blinking {unknown}
 i - 6 scrolls of remove curse {unknown}
 j - 3 scrolls of identify {unknown}
 l - a scroll of noise {unknown}
Potions
 d - 2 potions of might
 e - a potion of agility
 k - a potion of brilliance {unknown}
 m - a potion of curing {unknown}
 o - a potion of cancellation {unknown}
Comestibles
 f - 4 bread rations
 n - a meat ration
 q - a fruit
 r - 2 chunks of flesh


   Skills:
 + Level 4.1 Fighting
 + Level 5.2 Axes
 + Level 4.2 Armour
 + Level 0.8 Dodging
 + Level 0.1 Stealth
 + Level 4.4 Shields


You had 4 spell levels left.
You didn't know any spells.

Dungeon Overview and Level Annotations

Branches:
Dungeon (4/15)
 Temple: D:4-7

Altars:
Fedhas
Ru


Message History

* * * LOW HITPOINT WARNING * * *
You feel very sick. The worker ant misses you.
The worker ant closely misses you.
Your shield prevents you from hitting the worker ant.
The worker ant is almost dead.
* * * LOW HITPOINT WARNING * * *
You feel sick. The worker ant closely misses you.
You slash the worker ant!
You kill the worker ant!
* * * LOW HITPOINT WARNING * * *
You feel sick. You block the giant cockroach's attack.
You slash the giant cockroach!
You kill the giant cockroach!
* * * LOW HITPOINT WARNING * * *
You feel sick.
* * * LOW HITPOINT WARNING * * *
You feel sick.
You see here a worker ant corpse.
It was a potion of haste.
You feel yourself speed up.
You die...

##..# #...# #. #..#
#...# #. ##....#..# #.
#.####..# #. #.# #..#
#. #.# #..# ..####. #.#
#..#
......)########.####..#
#..@.............#
#..####.#######.##
....#.###.#######.#
###.# #............# ##
#.###.######### #.# #.#
#.# #.#


There were no monsters in sight!

Vanquished Creatures
  A hound (D:4)
  An orc wizard (D:4)
  A worker ant (D:4)
  5 adders
  An ooze (D:3)
  A worm (D:3)
  A dart slug (D:2)
  5 leopard geckos
  2 orcs (D:4)
  2 ball pythons
  7 bats
  4 giant cockroaches
  10 goblins
  6 hobgoblins
  10 kobolds
  A quokka (D:2)
  6 frilled lizards
  5 rats
69 creatures vanquished.

Notes
Turn   | Place    | Note
-------+----------+-------------------------------------------
     0 | D:1      | tmwrnj the Hill Orc Fighter began the quest for the Orb.
     0 | D:1      | Reached XP level 1. HP: 19/19 MP: 1/1
    46 | D:1      | Reached skill level 3 in Axes
   113 | D:1      | Reached XP level 2. HP: 22/27 MP: 2/2
   420 | D:1      | Reached XP level 3. HP: 33/33 MP: 3/3
  1403 | D:2      | Reached XP level 4. HP: 39/40 MP: 4/4
  1515 | D:2      | Found a sacrificial altar of Ru.
  1883 | D:3      | Found a blossoming altar of Fedhas.
  2043 | D:3      | Reached skill level 4 in Axes
  2626 | D:3      | Reached XP level 5. HP: 45/46 MP: 5/5
  2771 | D:4      | Reached skill level 5 in Axes
  2844 | D:4      | HP: 2/46 [poisoned by a worker ant]
  2846 | D:4      | Succumbed to a worker ant's poison

Skill      XL: |  1  2  3  4  5 |
---------------+----------------+-----
Axes           | 3 4 5 |  5.2
Shields        | 4 |  4.4
Armour         | 4 |  4.2
Fighting       | 4 |  4.1
Dodging        | |  0.8
Stealth        | |  0.1

Action                   |  1- 3 |  4- 6 || total
-------------------------+-------+-------++-------
Melee: War axe           |   158 |   124 ||   282
  Use: Potion            |       |     2 ||     2
  Eat: Chunk             |     2 |     5 ||     7
Armor: Scale mail        |    75 |    51 ||   126
Dodge: Dodged            |    43 |    39 ||    82
Block: Shield            |   100 |    79 ||   179
